 Dungeon Crawl Stone Soup version 0.30.1-4-g462c640d31 (webtiles) character file.

Game seed: 13641108275926552078

14 Kraken2834 the Grasshopper (level 2, 0/14 HPs)
             Began as a Spriggan Warper on Sept 3, 2023.
             Slain by a jackal (1 damage)
             ... on level 1 of the Dungeon.
             The game lasted 00:03:25 (587 turns).

Kraken2834 the Grasshopper (Spriggan Warper)         Turns: 587, Time: 00:03:25

Health: 0/14       AC:  2    Str:  7    XL:     2   Next: 31%
Magic:  6/6        EV: 17    Int: 14    God:
Gold:   0          SH:  0    Dex: 14    Spells: 4/6 levels left

rFire   . . .        a - +0 short sword
rCold   . . .        (no shield)
rNeg    . . .        b - +0 robe
rPois   .            (helmet restricted)
rElec   .            (no cloak)
rCorr   .            (gloves unavailable)
SInv    +            (boots unavailable)
Will    .....        (no amulet)
Stlth   ++           (no ring)
HPRegen 0.22/turn    (no ring)
MPRegen 0.10/turn

%: no passive effects
@: very quick
A: very small, no large weapons, unfitting armour, see invisible, speed 3
a: no special abilities


You were on level 1 of the Dungeon.
You visited 1 branch of the dungeon, and saw 1 of its levels.

Inventory:

Hand Weapons
 a - a +0 short sword (weapon)
Armour
 b - a +0 robe (worn)
Scrolls
 c - 2 scrolls of blinking


   Skills:
 - Level 1.5 Fighting
 + Level 2.3 Short Blades
 - Level 1.0 Throwing
 + Level 3.4 Dodging
 * Level 1.7 Stealth
 + Level 2.8 Spellcasting
 + Level 4.8 Translocations


You had 4 spell levels left.
You knew the following spells:

 Your Spells              Type           Power      Damage    Failure   Level
a - Blink                 Tloc           30%        N/A       4%          2

Your spell library contained the following spells:

 Spells                   Type           Power      Damage    Failure   Level
 Lesser Beckoning         Tloc           30%        N/A       4%          2
 Teleport Other           Tloc           15%        N/A       9%          3
 Vhi's Electric Charge    Tloc/Air       16%        N/A       24%         3
 Manifold Assault         Tloc           15%        N/A       30%         4


Dungeon Overview and Level Annotations

Branches:
Dungeon (1/15)

Altars:


Innate Abilities, Weirdness & Mutations

You are very small and have problems with some larger weapons.
You are too small for most types of armour.
You have supernaturally acute eyesight. (SInv)
You cover ground extremely quickly. (Speed+++)


Message History

2 jackals come into view.
The jackal barks!
You hear a bark!
You close the door.
You open the door. 2 jackals come into view.
The jackal moves out of view.
You barely miss the jackal.
The jackal barks! x2
You hit the jackal.
The jackal is almost dead.
You hear a shout!
The jackal closely misses you. x2; The jackal bites you.
You hit the jackal but do no damage.
The jackal is almost dead.
The jackal closely misses you. The jackal barely misses you.
You barely miss the jackal.
The jackal is almost dead.
The jackal misses you. The jackal barely misses you.
You closely miss the jackal. You punch the jackal, but do no damage.
The jackal misses you. The jackal bites you.
The jackal bites you but does no damage.
You hit the jackal but do no damage.
The jackal bites you but does no damage.
The jackal misses you. The jackal bites you. The jackal closely misses you.
You hit the jackal but do no damage. The jackal closely misses you. x3
The jackal barely misses you.
You hit the jackal.
The jackal is almost dead.
The jackal misses you.
The jackal bites you. x2; The jackal barely misses you.
You barely miss the jackal.
The jackal is almost dead.
The jackal bites you but does no damage.
The jackal completely misses you. The jackal bites you.
* * * LOW HITPOINT WARNING * * *
You barely miss the jackal.
The jackal is almost dead.
The jackal bites you.
* * * LOW HITPOINT WARNING * * *
The jackal bites you.
You die...

##+# ##...##
##.....##
##.......##
#........h####...
+........@hh.....
#........h####...
#.......##
##.....## ##...##
##†## #.# #.#
##.##


You could see 4 jackals.

Vanquished Creatures
  3 endoplasms (D:1)
  A giant cockroach (D:1)
  A goblin (D:1)
  A hobgoblin (D:1)
  3 kobolds (D:1)
  A bat (D:1)
  4 rats (D:1)
14 creatures vanquished.

Notes
Turn   | Place    | Note
-------+----------+-------------------------------------------
     0 | D:1      | Kraken2834 the Spriggan Warper began the quest for the Orb.
     0 | D:1      | Reached XP level 1. HP: 10/10 MP: 5/5
   158 | D:1      | Reached skill level 1 in Stealth
   348 | D:1      | Reached XP level 2. HP: 14/14 MP: 6/6
   354 | D:1      | Learned a level 2 spell: Blink
   587 | D:1      | Slain by a jackal

Illustrated notes

Levels and vault maps discovered:
D:1:      wheals_arrival_shading, layout_loops_corners

Skill      XL: |  1 |
---------------+----+-----
Stealth        | 1 |  1.7
Fighting       | |  1.5
Short Blades   | |  2.3
Throwing       | |  1.0
Dodging        | |  3.4
Spellcasting   | |  2.8
Translocations | |  4.8

Action                     || total
---------------------------++-------
  Melee: Short sword       ||    63
         Punch             ||     1
  Throw: Boomerang         ||     7
   Cast: Blink             ||     4
   Stab: Sleeping          ||     2
 Armour: Robe              ||     7
  Dodge: Dodged            ||    46
